 Dungeon Crawl Stone Soup version 0.31-a0-229-g1fc7ce93e2 (webtiles) character file.

Game seed: 12538496578155981808

142 qw the Shooter (level 5, -1/30 HPs)
             Began as a Gargoyle Hexslinger on July 6, 2023.
             Slain by an orc
             ... wielding a +0 hand axe
              (5 damage)
             ... on level 4 of the Dungeon.
             The game lasted 00:01:02 (1943 turns).

qw the Shooter (Gargoyle Hexslinger)                Turns: 1943, Time: 00:01:02

Health: -1/30      AC: 14    Str: 11    XL:     5   Next: 25%
Magic:  6/6        EV: 11    Int: 14    God:
Gold:   116        SH:  0    Dex: 17    Spells: 5/6 levels left

rFire   + . .        Y - +2 sling
rCold   + . .        (no shield)
rNeg    + . .        b - +0 leather armour
rPois   inf          g - +4 helmet of the Sacrificial Victim {Dex+3}
rElec   +            f - scarf {rC+ rF+}
rCorr   .            j - +0 pair of gloves
SInv    .            h - +0 pair of boots
Will    .....        (no amulet)
Stlth   +            (no ring)
HPRegen 0.25/turn    (no ring)
MPRegen 0.10/turn

%: no passive effects
@: no status effects
A: sickness immunity, AC +4, negative energy resistance 1, electricity
resistance, torment resistance 1, petrification resistance
a: no special abilities


You were on level 4 of the Dungeon.
You visited 1 branch of the dungeon, and saw 4 of its levels.

You collected 116 gold pieces.


Innate Abilities, Weirdness & Mutations

You are immune to sickness and miasma.
Your stone body is resilient. (AC +4)
You are immune to poison.
You resist negative energy. (rN+)
You are resistant to electric shocks. (rElec)
You are resistant to unholy torment.
You are immune to petrification.


   Skills:
 - Level 2.1 Fighting
 - Level 4.9 Ranged Weapons
 + Level 0.1 Armour
 - Level 1.5 Dodging
 - Level 1.0 Spellcasting
 - Level 2.6 Hexes


You had 5 spell levels left.
You knew the following spells:

 Your Spells              Type           Power      Damage    Failure   Level
a - Slow                  Hex            32%        N/A       12%         1

Your spell library contained the following spells:

 Spells                   Type           Power      Damage    Failure   Level
 Inner Flame              Hex/Fire       4%         N/A       52%         3
 Portal Projectile        Hex/Tloc       8%         N/A       52%         3
 Cause Fear               Hex            4%         N/A       75%         4

Inventory:

Hand Weapons
 Y - a +2 sling (weapon)
Armour
 b - a +0 leather armour (worn)
 f - a scarf of resistance (worn)
 g - the +4 helmet of the Sacrificial Victim (worn) {Dex+3}
   (You took it off Robin on level 3 of the Dungeon)

   Dex:       It affects your dexterity (+3).
 h - a +0 pair of boots (worn)
 j - a +0 pair of gloves (worn)
Potions
 a - a potion of cancellation {unknown}
 d - a potion of attraction {unknown}
 i - a potion of invisibility {unknown}

Dungeon Overview and Level Annotations

Branches:
Dungeon (4/15)
 Temple: D:4-7

Altars:


Message History

The sling bullet closely misses the orc.
The ufetubus closely misses you. The ufetubus completely misses you.
The orc hits you but does no damage.
The ufetubus hits you but does no damage.
The ufetubus hits you. The orc hits you with a +0 flail.
You shoot a sling bullet. The sling bullet hits the orc.
You kill the orc!
The ufetubus hits you but does no damage.
The ufetubus hits you. Something hits you but does no damage.
The ufetubus barely misses you.
The ufetubus hits you but does no damage.
You shoot a sling bullet. The sling bullet hits the ufetubus.
The ufetubus is heavily wounded.
The ufetubus barely misses you. x2; The goblin closely misses you.
The orc closely misses you. Something hits you but does no damage.
The orc completely misses you. The ufetubus closely misses you. x2
You shoot a sling bullet. The sling bullet hits the ufetubus.
The ufetubus is almost dead.
The orc barely misses you. The orc hits you but does no damage.
The goblin hits you but does no damage. The ufetubus misses you.
The ufetubus barely misses you. Something hits you but does no damage.
You shoot a sling bullet. The sling bullet misses the ufetubus.
The ufetubus hits you but does no damage. x2
The orc barely misses you. The orc hits you with a +0 hand axe.
The goblin hits you but does no damage. Something hits you but does no damage.
The ufetubus barely misses you.
The ufetubus hits you but does no damage.
Something hits you but does no damage.
The orc priest looks encouraged for a moment.
The goblin hits you with a +0 dagger. The orc hits you but does no damage.
You shoot a sling bullet. The sling bullet misses the ufetubus.
The ufetubus misses you. The ufetubus closely misses you. x3
The goblin hits you but does no damage.
The orc wizard mumbles some strange words.
The orc wizard flickers and vanishes!
Something hits you but does no damage. The orc barely misses you.
You shoot a sling bullet. The sling bullet hits the ufetubus.
You kill the ufetubus!
The orc hits you with a +0 hand axe.
You die...

)... .## ... ..
#.. .#
##.####.####
#..#.ooo.......
#..........####
#.#...##oo.#
#...###{o#
....#..@{o#
....###g#o##
#... #..#.# ###
..###.# ... #.#
.... ..# #.#
### #.


You could see 2 orc priests, 2 orcs and a goblin.

Vanquished Creatures
  Robin (D:3)
  4 adders
  An ufetubus (D:4)
  2 dart slugs (D:2)
  A worm (D:3)
  An orc (D:4)
  3 ball pythons
  8 endoplasms
  3 giant cockroaches
  11 goblins
  10 hobgoblins
  7 jackals
  5 quokkas
  5 bats
  6 frilled lizards
  8 kobolds
  4 rats
80 creatures vanquished.

Notes
Turn   | Place    | Note
-------+----------+-------------------------------------------
     0 | D:1      | qw the Gargoyle Hexslinger began the quest for the Orb.
     0 | D:1      | Reached XP level 1. HP: 12/12 MP: 2/2
     0 | D:1      | 0 ||| qw: Version: 0.3-a-46-gb1f654a
     0 | D:1      | 0 ||| qw: Game counter: 1194
     0 | D:1      | 0 ||| qw: Melee chars always use a shield: true
     0 | D:1      | 0 ||| qw: God list: Okawaru
     0 | D:1      | 0 ||| qw: Allow faded altars: false
     0 | D:1      | 0 ||| qw: Do Orc after clearing Dungeon:15 true
     0 | D:1      | 0 ||| qw: Do second Lair branch before Depths: true
     0 | D:1      | 0 ||| qw: Lair rune preference: random
     0 | D:1      | 0 ||| qw: Goals: Normal
     0 | D:1      | 0 ||| PLANNING D:1-11
    38 | D:1      | 38 ||| FLEEEEING.
   158 | D:1      | Reached XP level 2. HP: 16/16 MP: 3/3
   226 | D:1      | Reached skill level 3 in Ranged Weapons
   683 | D:1      | 683 ||| UPGRADING to scarf of resistance.
   688 | D:1      | 688 ||| UPGRADING to +0 pair of boots.
   693 | D:1      | 693 ||| UPGRADING to +0 pair of gloves.
   698 | D:1      | 698 ||| READING scroll labelled KODIPLAISU.
   699 | D:1      | 699 ||| READING scroll labelled POGGAA DOGG.
   700 | D:1      | 700 ||| DRINKING 2 fuming sapphire potions.
   701 | D:1      | 701 ||| DROPPING scroll of poison.
   702 | D:1      | 702 ||| DROPPING potion of brilliance.
   742 | D:2      | 742 ||| STAIRDANCE
   751 | D:1      | Reached XP level 3. HP: 16/21 MP: 4/4
   798 | D:2      | Found a faded altar of an unknown god.
   888 | D:2      | You fall into a shaft and drop 1 floor!
   975 | D:3      | 975 ||| READING scroll labelled METOYXTIFIA.
   976 | D:3      | 976 ||| READING scroll labelled NILAUL MIVVON.
   979 | D:3      | 979 ||| READING scroll labelled TASUNWEWOC.
   980 | D:3      | Identified the +4 helmet of the Sacrificial Victim {Dex+3}
   980 | D:3      | Noticed Robin
   981 | D:3      | 981 ||| FLEEEEING.
   982 | D:3      | 982 ||| FLEEEEING.
   983 | D:3      | 983 ||| FLEEEEING.
   984 | D:3      | 984 ||| FLEEEEING.
   985 | D:3      | 985 ||| FLEEEEING.
   986 | D:3      | 986 ||| FLEEEEING.
   987 | D:3      | 987 ||| FLEEEEING.
   988 | D:3      | 988 ||| FLEEEEING.
   989 | D:3      | 989 ||| FLEEEEING.
   990 | D:3      | 990 ||| FLEEEEING.
   991 | D:3      | 991 ||| FLEEEEING.
   992 | D:3      | 992 ||| FLEEEEING.
   993 | D:3      | 993 ||| FLEEEEING.
   994 | D:3      | 994 ||| FLEEEEING.
   995 | D:3      | 995 ||| FLEEEEING.
   998 | D:3      | Reached XP level 4. HP: 26/26 MP: 5/5
  1019 | D:3      | Reached skill level 4 in Ranged Weapons
  1030 | D:3      | Killed Robin
  1279 | D:2      | Reached XP level 5. HP: 30/30 MP: 6/6
  1907 | D:3      | 1907 ||| UPGRADING to +0 leather armour.
  1917 | D:3      | 1917 ||| DROPPING +0 robe.
  1918 | D:3      | 1918 ||| UPGRADING to +4 helmet of the Sacrificial Victim
                  | {Dex+3}.
  1923 | D:3      | 1923 ||| READING scroll labelled WACSIO REWN.
  1927 | D:4      | 1927 ||| Stepping ~*~*~tactically~*~*~ (outnumbered).
  1931 | D:4      | 1931 ||| Stepping ~*~*~tactically~*~*~ (outnumbered).
  1933 | D:4      | 1933 ||| Stepping ~*~*~tactically~*~*~ (outnumbered).
  1934 | D:4      | 1934 ||| Stepping ~*~*~tactically~*~*~ (outnumbered).
  1938 | D:4      | HP: 7/30 [ufetubus (3)]
  1941 | D:4      | HP: 3/30 [goblin/+0 dagger (3)]
  1943 | D:4      | Slain by an orc

Levels and vault maps discovered:
D:1:      elethiomel_arrival_quiet, layout_loops_ring
D:2:      layout_loops_ring, basic_ecumenical_altar
D:3:      layout_rooms, uniq_robin
D:4:      layout_loops_ring

Skill      XL: |  1  2  3  4 |
---------------+-------------+-----
Ranged Weapons | 3 4 |  4.9
Fighting       | 2 |  2.1
Armour         | |  0.1
Dodging        | |  1.5
Spellcasting   | |  1.0
Hexes          | |  2.6

Action                     |  1- 3 |  4- 6 || total
---------------------------+-------+-------++-------
   Fire: Sling             |   125 |   124 ||   249
    Use: Scroll            |     5 |     1 ||     6
         Potion            |     1 |       ||     1
 Armour: Robe              |    26 |    22 ||    48
         Leather armour    |       |    20 ||    20
  Dodge: Dodged            |    57 |    63 ||   120

Table legend:
 A = Non-vault XP
 B = Vault XP
 C = Vault XP percentage of total XP
 D = Non-vault monster count
 E = Vault monster count
 F = Vault count percentage of total count
                 A         B        C        D         E       F
            +---------+---------+-------+---------+---------+-------
      Total |     178 |      34 |  16.0 |      69 |      11 |  13.8
            +---------+---------+-------+---------+---------+-------
        D:1 |      42 |       0 |   0.0 |      18 |       0 |   0.0
        D:2 |      76 |       0 |   0.0 |      28 |       0 |   0.0
        D:3 |      49 |      34 |  41.0 |      21 |      11 |  34.4
        D:4 |      11 |       0 |   0.0 |       2 |       0 |   0.0
            +---------+---------+-------+---------+---------+-------
